tertium, neutral male human Tourist --- ---- ----- ---.-- --..-- ---...--------...-----...#0 --^...| |....| --....[[(................| #[.).).| --....|--- ---.........-.----...-----..----))---- --.....--.-- |....------..---.---- |.^.||<@)| --..........| ---.---- |...|.....---- ---.--a--- --- |..........----...| ---.--.......| --|....| ---.--- ---- --- --.........---...--- ---|...--.....|--.--..---|.....--|..| ---.----)................| |..--..---...--|...|....||......--..| --....|...................| ---^......--..-- |......|.----........| ---- |............-..........--- --.............| --......|...||.--.-.--- |..-------................-.--...| ---..............--|.......---.--.||...| |...............^)..........|--..| --.................|--.--.....|....--.--- ----------.........*.......-- ---- |.......--.|.......| -- |-......-.....-- |......)..........----- -.......|-----.|.----- --.........[....| --..---..----......--.| |........- ----- |..--.......[......-| |..| |..| |.........| --.---....| |...................| |..| ---- --........| -- ---..| ---..|.......>.....-- ---- ---.------ ---- ------..--.---.--- --- ------- -- tertium the Excursionist Experience level: 6 Strength: 14 Dexterity: 11 Constitution: 13 Intelligence: 15 Wisdom: 10 Charisma: 16 Health: 0(47) Energy: 24(24) AC: -1 Gold: 760 Moves: 5510 Your Inventory: Coins $ - 760 gold pieces Weapons a - 3 +0 runed daggers [elven] (wielded) h - 2 [uncursed +0] darts of detonation r - 19 +2 darts (in quiver) u - 4 [blessed +0] daggers v - 3 [uncursed +0] daggers O - an [uncursed +0] sling Armor f - an [uncursed] +0 dwarvish mithril-coat (being worn) i - an [uncursed] +0 hard hat [dwarvish iron helm] (being worn) o - a [blessed] +1 pair of hard shoes [iron] (being worn) B - an uncursed +0 Hawaiian shirt F - a [blessed +2] hooded cloak [dwarvish] J - a [cursed -1] pair of hard shoes [iron] Comestibles c - an uncursed tripe ration d - 4 uncursed food rations p - 2 [uncursed] lichen corpses Scrolls b - an [uncursed] scroll labeled ELBIB YLOH [of taming] j - 3 uncursed scrolls of magic mapping k - a blessed scroll of magic mapping C - an [uncursed] scroll labeled KERNOD WEL [of identify] I - an [uncursed] scroll labeled JUYED AWK YACC [of enchant weapon] K - an [uncursed] scroll labeled VERR YED HORRE [of earth] L - a [blessed] scroll labeled KERNOD WEL [of identify] P - 2 [uncursed] unlabeled scrolls [of blank paper] V - an [uncursed] scroll labeled LEP GEX VEN ZEA [of light] Spellbooks N - an [uncursed] spellbook of identify Potions q - an [uncursed] emerald potion [of speed] A - an [uncursed] white potion [of confusion] D - a [cursed] orange potion [of gain level] E - an [uncursed] dark potion [of blindness] W - an [uncursed] steamy potion [of restore ability] Rings G - an [uncursed] opal ring [of stealth] Wands R - an [uncursed] wand of striking [0:2] Y - an [uncursed] wand of magic missile [0:2] Tools e - an [uncursed +0] pick-axe g - an [uncursed] tin whistle l - an [uncursed] brass lantern n - an expensive camera (0:88) s - an uncursed credit card w - an [uncursed] leash x - an [uncursed] towel y - an [uncursed tallow] candle z - an uncursed towel Gems t - 2 [uncursed] blue gems [fluorite] H - an [uncursed] green gem [worthless glass] Q - 2 [uncursed] black gems [worthless glass] S - an [uncursed] blue gem [worthless glass] T - 2 [uncursed] red gems [worthless glass] U - 2 [uncursed] yellow gems [worthless glass] X - 2 [uncursed] violet gems [worthless glass] Spells known in the end: Name Level Category Fail Memory a - turn undead 6 clerical 100% [|||||||.] b - identify 3 divination 100% [||||||||] Your skills at the end: Fighting Skills Weapon Skills dart [Basic / Expert] Spellcasting Skills Final Attributes: You were piously aligned. Hunger level was 243. Your alignment was 36 / 37. Monster difficulty range was 1 - 6. Level difficulty was 6. You resisted fire. Your luck was zero. You are dead. Vanquished creatures: a large dog a leprechaun 3 gnome kings a lizard 3 jaguars a white unicorn a gnome mummy a snake an imp a rock piercer a rock mole 2 yellow lights 5 gnome lords a gray ooze an elf zombie a straw golem a paper golem a baby crocodile 2 floating eyes 8 dwarves a homunculus 27 hill orcs 2 rothes a giant bat 2 orc zombies an iguana 2 acid blobs 2 coyotes 2 gas spores 5 hobbits 2 manes a large kobold a hobgoblin a brown mold a red mold 30 gnomes a gnome zombie 3 geckos 8 jackals 4 kobolds 5 goblins 3 grid bugs 3 lichens 2 kobold zombies 5 newts 152 creatures vanquished. Voluntary challenges: You used a wielded weapon 64 times. You read items or engraved 4 times. You put on armor 26 times. You never genocided any monsters. You never polymorphed an object. You never changed form. You used no wishes. You abstained from Elbereth's help. You never encountered a bones level. You never used any Sokoban shortcuts. Dungeon overview: The Dungeons of Doom: levels 1 to 6 Level 1 a long staircase Level 2 (gold) some fountains Level 3 stairs to The Gnomish Mines Level 5 (gold) a fountain The Gnomish Mines: levels 4 to 7 Level 4 stairs to The Dungeons of Doom Level 6 <- You were here History has recorded: On T:1 you entered the Dungeons of Doom to retrieve the Amulet of Yendor! On T:38 you reached level 2 of The Dungeons of Doom. On T:892 you reached level 3 of The Dungeons of Doom. On T:957 you reached level 1 of The Gnomish Mines. On T:1002 you advanced to experience level 2. On T:1079 you advanced to experience level 3. On T:1221 you reached level 4 of The Dungeons of Doom. On T:1573 you reached level 5 of The Dungeons of Doom. On T:1728 you advanced to experience level 4. On T:3036 you advanced to experience level 5. On T:3126 you reached level 6 of The Dungeons of Doom. On T:3491 you reached level 2 of The Gnomish Mines. On T:3521 you advanced to experience level 6. On T:4479 you reached level 3 of The Gnomish Mines. On T:4592 you reached level 4 of The Gnomish Mines. Latest messages: The mountain nymph pretends to be friendly to the large dog. (2x) The large dog bites the mountain nymph. The large dog bites the giant beetle. The giant beetle bites the large dog. [2 turns] The large dog bites the giant beetle. The giant beetle bites the large dog. The large dog is killed! You miss it. The giant beetle bites! [HP-7=22] [2 turns] You hit it. You miss it. The giant beetle misses. You miss it. The giant beetle misses. [2 turns] You miss it. [HP+1=23] You hit it. The giant beetle bites! [HP-13=10] You miss it. The giant beetle bites! You die... Final status: Aloha tertium the Tourist... You died in The Gnomish Mines on dungeon level 6 with 1938 points, and 760 pieces of gold, after 5510 moves. You were level 6 with a maximum of 47 hit points when you died.